 Dungeon Crawl Stone Soup version 0.22.1-2-g9c5b331 (webtiles) character file.

51 Undefined the Firebug (level 3, -2/31 HPs)
             Began as a Deep Dwarf Wanderer on Dec 27, 2018.
             Slain by a gnoll
             ... wielding a +0 spear
              (5 damage)
             ... on level 3 of the Dungeon.
             The game lasted 00:14:53 (1434 turns).

Undefined the Firebug (Deep Dwarf Wanderer)         Turns: 1434, Time: 00:14:55

Health: -2/31      AC:  9    Str: 17    XL:     3   Next: 58%
Magic:  4/4        EV:  7    Int: 11    God:
Gold:   103        SH:  0    Dex: 12    Spells: 2/2 levels left

rFire    . . .     SeeInvis .   s - +1 mace (drain)
rCold    . . .     Gourm    .   (no shield)
rNeg     . . .     Faith    .   h - +0 chain mail
rPois    .         Spirit   .   (no helmet)
rElec    .         Reflect  .   (no cloak)
rCorr    .         Harm     .   q - +0 pair of gloves
MR       .....                  (no boots)
Stlth    ..........             (no amulet)
HPRegen  0.00/turn              (no ring)
MPRegen  0.09/turn              (no ring)

@: non-regenerating
A: damage resistance, heal wounds, sense surroundings 1, no regeneration
a: Heal Wounds


You were on level 3 of the Dungeon.
You were not hungry.

You visited 1 branch of the dungeon, and saw 3 of its levels.

You collected 103 gold pieces.

Inventory:

Hand Weapons
 c - a +0 hunting sling
 d - a +0 club
 j - a +2 dagger of venom
 m - a +2 dagger of flaming
 s - a +1 mace of draining (weapon)
Missiles
 n - 45 stones (quivered)
Armour
 b - a +0 ring mail
 h - a +0 chain mail (worn)
 q - a +0 pair of gloves (worn)
Wands
 a - a wand of paralysis (15)
Scrolls
 g - a scroll of magic mapping
 k - a scroll of blinking
 o - a scroll of fog {unknown}
 p - 3 scrolls of teleportation {unknown}
 t - a scroll of remove curse {unknown}
 v - a scroll of enchant armour {unknown}
Potions
 e - a potion of ambrosia
 i - a potion of agility
 l - a potion of lignification
 u - 2 potions of curing {unknown}
 w - a potion of brilliance {unknown}
Comestibles
 f - 4 rations
 r - 6 chunks of flesh


   Skills:
 + Level 1.1 Fighting
   Level 2.1(2.3) Axes
 + Level 1.0(1.6) Maces & Flails
 - Level 1.9 Throwing
 + Level 2.1 Armour
 - Level 0.7 Dodging
   Level 1.0 Summonings
   Level 3.6 Fire Magic
 - Level 1.3 Evocations


You had 2 spell levels left.
You didn't know any spells.
Your spell library contained the following spells:

 Spells                   Type           Power        Failure   Level  Hunger
 Flame Tongue             Conj/Fire      #....        95%         1    ##.....
 Ignite Poison            Fire/Tmut/Pois #.......     100%        3    ####...


Dungeon Overview and Level Annotations

Branches:
Dungeon (3/15)

Altars:


Innate Abilities, Weirdness & Mutations

You are resistant to damage.
You can heal yourself by infusing magical energy.
You passively map a small area around you.
You do not regenerate.


Message History

The gnoll barely misses you. The gnoll hits you but does no damage.
You see here a bat corpse.
The gnoll hits you but does no damage. x2
You closely miss the gnoll. The gnoll hits you with a spear.
The gnoll completely misses you. The gnoll hits you with a spear.
* * * LOW HITPOINT WARNING * * *
You hit the gnoll but do no damage. You drain the gnoll!
The gnoll is moderately wounded.
The gnoll barely misses you. The gnoll completely misses you.
The gnoll barely misses you.
You closely miss the gnoll.
The gnoll is moderately wounded.
The gnoll closely misses you.
The gnoll hits you from afar with a spear.
* * * LOW HITPOINT WARNING * * *
You closely miss the gnoll.
The gnoll is moderately wounded.
The gnoll hits you but does no damage.
The gnoll hits you from afar with a spear!
You die...

. , * .## ** ...# ##### . ..#
....# ....... * #.# ......
..##..., #####.# ......#
.......###### ....#.# ..$%..#
............### #..>#####.....#
.##* #. #.....## *#....#.......##
..####.####.#..####.............#
....##.####.....@ggg.............
#.#.##.##.......†####............
..........#####...# ##...........
........### ##..# ##.........#
........########..# ##%..#...##
....#....>....##### **#..######
..............# ....?.,,
.#............# #.......).
.#............# #......../#


You could see 3 gnolls.

Vanquished Creatures
  An adder (D:2)
  2 dart slugs
  4 bats
  A giant cockroach (D:3)
  3 hobgoblins
  2 jackals (D:1)
  4 kobolds
  3 quokkas
  2 ball pythons (D:3)
  A frilled lizard (D:1)
  7 goblins
  7 rats
37 creatures vanquished.

Notes
Turn   | Place    | Note
-------+----------+-------------------------------------------
     0 | D:1      | Undefined the Deep Dwarf Wanderer began the quest for the
                  | Orb.
     0 | D:1      | Undefined set off with: a wand of paralysis (15), a +0 ring
                  | mail, a +0 club, a ration
     0 | D:1      | Reached XP level 1. HP: 15/15 MP: 2/2
   361 | D:1      | Reached XP level 2. HP: 20/22 MP: 3/3
   709 | D:2      | Reached XP level 3. HP: 15/30 MP: 4/4
  1242 | D:3      | Reached skill level 1 in Fighting
  1338 | D:3      | Reached skill level 1 in Maces & Flails
  1434 | D:3      | Slain by a gnoll

Skill      XL: |  1  2  3 |
---------------+----------+-----
Armour         | 2 |  2.1
Fighting       | 1 |  1.1
Maces & Flails | 1 |  1.0
Axes           | |  2.1
Throwing       | |  1.9
Dodging        | |  0.7
Summonings     | |  1.0
Fire Magic     | |  3.6
Evocations     | |  1.3

Action                   || total
-------------------------++-------
Melee: Club              ||    98
       Dagger            ||    40
       Mace              ||    43
  Use: Scroll            ||     6
  Eat: Chunk             ||     2
Armor: Ring mail         ||    28
       Chain mail        ||   144
Dodge: Dodged            ||   123
